 Dungeon Crawl Stone Soup version 0.28.0-53-g5a82cb258f (webtiles) character file.

Game seed: 8706224155201393237

85 wrshamilton the Skirmisher (level 4, 0/60 HPs)
             Began as a Hill Orc Artificer on July 18, 2022.
             Slain by a hound (2 damage)
             ... on level 2 of the Dungeon.
             The game lasted 00:12:54 (2750 turns).

wrshamilton the Skirmisher (Hill Orc Artificer)     Turns: 2750, Time: 00:12:55

Health: 0/60       AC:  3    Str: 14    XL:     4   Next: 48%
Magic:  4/4        EV: 11    Int: 13    God:
Gold:   67         SH:  0    Dex: 11    Spells: 3/3 levels left

rFire   . . .      SeeInvis .   l - +0 mace
rCold   . . .      Faith    .   (no shield)
rNeg    . . .      Spirit   .   b - +0 leather armour
rPois   .          Reflect  .   (no helmet)
rElec   .          Harm     .   (no cloak)
rCorr   .          Rampage  .   (no gloves)
Will    .....                   (no boots)
Stlth   ..........              (no amulet)
HPRegen 0.20/turn               (no ring)
MPRegen 0.09/turn               (no ring)

@: berserking, flying, very quick
A: no striking features
a: no special abilities


You were on level 2 of the Dungeon.
You visited 1 branch of the dungeon, and saw 3 of its levels.

You collected 67 gold pieces.

Inventory:

Hand Weapons
 a - a +0 club
 l - a +0 mace (weapon)
Missiles
 k - 57 stones
 q - 3 poisoned darts
Armour
 b - a +0 leather armour (worn)
 h - a +0 kite shield
 o - a +0 ring mail
Wands
 c - a wand of flame (1) (quivered)
 d - a wand of charming (14)
Scrolls
 g - a scroll of enchant weapon {unknown}
 i - a scroll of magic mapping {unknown}
 m - a scroll of amnesia {unknown}
 n - 2 scrolls of identify {unknown}
Potions
 p - a potion of heal wounds {unknown}
 r - a potion of lignification {unknown}
Miscellaneous
 e - a piece from Xom's chessboard (15/15)


   Skills:
 + Level 3.7 Fighting
 + Level 2.8 Maces & Flails
 - Level 2.1 Armour
 - Level 0.7 Dodging
 - Level 0.7 Stealth
 - Level 3.0 Evocations


You had 3 spell levels left.
You didn't know any spells.
Your spell library contained the following spells:

 Spells                   Type           Power      Damage    Failure   Level
 Ozocubu's Armour         Ice            0%         N/A       75%         3
 Metabolic Englaciation   Hex/Ice        0%         N/A       100%        5
 Simulacrum               Ice/Necr       0%         N/A       100%        6


Dungeon Overview and Level Annotations

Branches:
Dungeon (3/15)

Altars:
Ashenzari

Annotations:
D:2 Natasha


Message History

The orc is heavily wounded.
The orc misses you.
You barely miss the orc.
The orc is heavily wounded.
The orc hits you with a +0 mace.
* * * LOW HITPOINT WARNING * * *
The orc hits you with a +0 mace.
* * * LOW HITPOINT WARNING * * *
The orc wizard shouts!
You hear a shout!
There is a stone staircase leading up here.
The orc wizard mumbles some strange words.
The orc wizard flickers and vanishes!
Deactivating autopickup; reactivate with Ctrl-A.
You climb upwards.
Level annotation: Natasha Reactivating autopickup.
There is a stone staircase leading down here.
It was a potion of flight.
You feel very buoyant.
You fly up into the air.
The orc barely misses you.
It was a potion of berserk rage.
A red film seems to cover your vision as you go berserk!
You feel yourself moving faster!
You feel mighty! The hound barely misses you. The orc closely misses you.
The hound bites you.
* * * LOW HITPOINT WARNING * * *
You sock the orc!
You kill the orc!
The hound barely misses you.
You closely miss the hound. The hound closely misses you.
You closely miss the hound. The hound barely misses you.
You barely miss the hound. The hound bites you.
* * * LOW HITPOINT WARNING * * *
The hound bites you.
* * * LOW HITPOINT WARNING * * *
You barely miss the hound. The hound bites you but does no damage.
You miss the hound. The hound closely misses you.
You thump the hound!
The hound is heavily wounded.
The hound bites you.
You die...

#.# #.# #. #.### #.# #. #...# #.#
#. #.#.######## #.# #.
#.#.##.....# #.# #.
#.#.##.###.#########.#########.
#.#.##.# #.#................##.
###.#.##.###.#.÷.).....#.##.#.##†
.............+..@......+.##.#.##.
..#.#######.##..h......#.##.#.##.
..#..........+.........#.##<#.##.
..+..##..#...#.........#.##.#.##.
..##.#......)..........#.####.##.
...#.#.##......##....#........##.
##.#+#.###....###....####.######.
#......###..###.....# #.# #.
#.......######......####.######.


You could see a hound.

Vanquished Creatures
  4 adders
  3 dart slugs
  3 orcs
  An endoplasm (D:2)
  A giant cockroach (D:1)
  3 goblins
  3 hobgoblins
  4 jackals
  4 kobolds
  A quokka (D:2)
  5 ball pythons
  3 bats
  2 frilled lizards (D:1)
  4 rats
41 creatures vanquished.

Notes
Turn   | Place    | Note
-------+----------+-------------------------------------------
     0 | D:1      | wrshamilton the Hill Orc Artificer began the quest for the
                  | Orb.
     0 | D:1      | Reached XP level 1. HP: 16/16 MP: 1/1
   175 | D:1      | Reached XP level 2. HP: 23/25 MP: 2/2
   267 | D:1      | Found a faded altar of an unknown god.
  1064 | D:2      | Reached skill level 1 in Maces & Flails
  1064 | D:2      | Reached XP level 3. HP: 31/31 MP: 3/3
  1489 | D:2      | Found a broken altar of Ashenzari.
  1496 | D:2      | Noticed Natasha
  1772 | D:2      | Reached XP level 4. HP: 33/38 MP: 4/4
  2747 | D:2      | HP: 2/60 [hound (2)]
  2750 | D:2      | Slain by a hound

Illustrated notes

Levels and vault maps discovered:
D:1:      lightli_arrival_maybe_door_vault, layout_rooms,
          shapermc_ecumenical_altar_venn, chequers_serial_rivers_small_3,
          chequers_serial_rivers_micro_a
D:2:      layout_basic, basic_altar, minivault_19, uniq_natasha
D:3:      layout_loops_ring, serial_shops, shop, nicolae_lakefront_shop,
          nicolae_shop_behind_doors, nicolae_shop_waterfront, uniq_ijyb,
          uniq_robin

Skill      XL: |  1  2  3 |
---------------+----------+-----
Fighting       | 2 3 |  3.7
Maces & Flails | 1 2 |  2.8
Armour         | |  2.1
Dodging        | |  0.7
Stealth        | |  0.7
Evocations     | |  3.0

Action                   |  1- 3 |  4- 6 || total
-------------------------+-------+-------++-------
Melee: Club              |    66 |       ||    66
       Punch             |     2 |     1 ||     3
       Mace              |    39 |    36 ||    75
Evoke: Piece from Xom's  |     2 |       ||     2
       Wand              |     7 |     8 ||    15
  Use: Potion            |       |     2 ||     2
Armor: Leather armour    |    38 |     6 ||    44
Dodge: Dodged            |    66 |    17 ||    83
